[Event "Titled Tuesday Blitz October 31 Late 2023"]
[White "Vargas, Mauricio"]
[Black "VitaliyChayka"]
[WhiteFideId "4404572"]
[WhiteElo "1857"]
[BlackElo "2145"]
[Result "0-1"]
[Round "11"]
[TimeControl "180+1"]
[Date "2023.10.31"]
[WhiteClock "0:00:00"]
[BlackClock "0:01:23"]
[Board "102"]

1. e4 d6 2. Nc3 g6 3. Bc4 Nf6 4. d3 c5 5. f4 Bg7 6. Nf3 O-O 7. O-O Nc6 8. Nd5 Na5 9. Nxf6+ Bxf6 10. Bb5 a6 11. Ba4 b5 12. Bb3 Nxb3 13. axb3 Qc7 14. Qe1 Bb7 15. g4 c4 16. bxc4 bxc4 17. g5 Bg7 18. d4 c3 19. bxc3 Rac8 20. Bd2 Qd7 21. Kh1 Qg4 22. Qe3 Rc4 23. Rab1 Ba8 24. Rg1 Qh3 25. Rg3 Qd7 0-1


[Site "https://www.chess.com"]

[Event "Titled Tuesday Blitz October 31 Late 2023"]
[White "leonidsh29"]
[Black "Perry, Patrick"]
[BlackFideId "30917727"]
[WhiteElo "2021"]
[BlackElo "2179"]
[Result "0-1"]
[Round "11"]
[TimeControl "180+1"]
[Date "2023.10.31"]
[WhiteClock "0:00:00"]
[BlackClock "0:00:42"]
[Board "103"]

1. d4 Nf6 2. c4 c5 3. Nf3 e6 4. g3 d5 5. cxd5 Nxd5 6. Bg2 Nc6 7. O-O cxd4 8. Nxd4 Nxd4 9. Qxd4 Qf6 10. Qxf6 Nxf6 11. Nc3 a6 12. Bg5 Be7 13. Na4 Bd8 14. e4 Nd7 15. Bxd8 Kxd8 16. Rfd1 Ke7 17. Rac1 e5 18. Rc7 Kd8 19. Rcxd7+ Bxd7 20. Nb6 Kc7 21. Nd5+ Kc6 22. Nb4+ Kc7 23. Nd5+ Kc6 24. Nb4+ Kb5 25. Rxd7 Kxb4 26. Rxb7+ Kc5 27. Rxf7 g6 28. Bf1 a5 29. f4 Kd4 30. Rd7+ Ke3 31. fxe5 Rae8 32. Ra7 Rxe5 33. Bc4 Rxe4 34. b3 Re5 35. Rd7 h6 36. Kg2 Rf8 37. Rd3+ Ke4 38. Rd6 Rg5 39. a4 h5 40. Re6+ Kf5 41. Ra6 Ke4 42. Re6+ Kd4 43. Rd6+ Ke3 44. Rd3+ Ke4 45. Rd6 Rff5 46. Rd8 Re5 47. Rd7 Ke3 48. Rd3+ Ke4 49. Rd8 Rgf5 50. Rd7 Rf6 51. Rd8 Ref5 0-1


[Site "https://www.chess.com"]

[Event "Titled Tuesday Blitz October 31 Late 2023"]
[White "Jelcic, Marko"]
[Black "Gyulamiryan-koryun"]
[WhiteFideId "14406489"]
[WhiteElo "2130"]
[BlackElo "1895"]
[Result "1-0"]
[Round "11"]
[TimeControl "180+1"]
[Date "2023.10.31"]
[WhiteClock "0:00:33"]
[BlackClock "0:00:00"]
[Board "104"]

1. e4 e5 2. Nf3 Nc6 3. d4 exd4 4. Bc4 Nf6 5. e5 d5 6. Bb5 Ne4 7. Nxd4 Bd7 8. Bxc6 bxc6 9. O-O Bc5 10. f3 Ng5 11. f4 Ne4 12. Be3 Bb6 13. Nc3 f5 14. Nxe4 dxe4 15. Qd2 c5 16. Nb3 Bb5 17. Rfd1 Qxd2 18. Rxd2 c4 19. Nd4 Bd7 20. Kf2 O-O-O 21. c3 Rhe8 22. Rad1 Ba4 23. Rc1 g5 24. g3 gxf4 25. gxf4 Bd7 26. Rg1 c5 27. Ne2 Rg8 28. Rdd1 Rg6 29. Rg3 Rdg8 30. Rdg1 Bd8 31. Bxc5 Bh4 32. Bxa7 Bxg3+ 33. Rxg3 1-0


[Site "https://www.chess.com"]

[Event "Titled Tuesday Blitz October 31 Late 2023"]
[White "Ghosh, Chanchal Kumer"]
[Black "Burke, Paul"]
[WhiteFideId "10201858"]
[BlackFideId "2605767"]
[WhiteElo "1952"]
[BlackElo "1887"]
[Result "1-0"]
[Round "11"]
[TimeControl "180+1"]
[Date "2023.10.31"]
[WhiteClock "0:00:17"]
[BlackClock "0:00:03"]
[Board "105"]

1. e4 e5 2. Nf3 Nc6 3. Bc4 Be7 4. c3 Nf6 5. d4 exd4 6. e5 Ne4 7. Bd5 Nc5 8. cxd4 Ne6 9. Bb3 Na5 10. d5 Nxb3 11. axb3 Ng5 12. Nxg5 Bxg5 13. f4 Bh4+ 14. g3 Be7 15. d6 cxd6 16. exd6 Bf6 17. Qe2+ Kf8 18. Be3 g6 19. O-O Kg7 20. Qd2 Re8 21. Nc3 b6 22. Nd5 Re6 23. Nxf6 Rxf6 24. Bd4 Kg8 25. Bxf6 Qxf6 26. Qd5 Rb8 27. Rxa7 Qxb2 28. Re1 Qc3 29. Re8+ Kg7 30. Qe5+ Qxe5 31. fxe5 f6 32. exf6+ Kxf6 33. Rc7 Ba6 34. Rxb8 1-0